| TOP OF THE 1ST |
|
Hamilton Cardinals batting - Pitching for Winnipeg Goldeyes : RHP Brian Waldrip
|
|
Pitching: RHP Brian Waldrip
|
|
|
Batting: RHB Dan Wages
|
0-0: Foul Ball, location: 2F 0-1: Foul Ball, location: 2F 0-2: Ground out 4-3 (Groundball, 4, EV 83.8 MPH)
|
|
Batting: LHB Rafael Banda
|
0-0: Swinging Strike 0-1: Ball 1-1: Ball 2-1: Ground out 1-3 (Groundball, 34S, EV 72.5 MPH)
|
|
Batting: SHB J.T. Ready
|
0-0: Ball 1-0: Ball 2-0: Called Strike 2-1: Ball 3-1: Base on Balls
|
|
Batting: RHB Shou-feng Chang
|
0-0: Foul Ball, location: 2F 0-1: Foul Ball, location: 2F 0-2: Ball 1-2: Ground out 4-3 (Groundball, 4, EV 79.4 MPH)
|
| Top of the 1st over - 0 runs, 0 hits, 0 errors, 1 left on base; Hamilton 0 - Winnipeg 0 |
| BOTTOM OF THE 1ST |
|
Winnipeg Goldeyes batting - Pitching for Hamilton Cardinals : RHP Rob Halley
|
|
Pitching: RHP Rob Halley
|
|
|
Batting: RHB Mike Berzins
|
0-0: Ball 1-0: Ball 2-0: Reached on error, E6 (Groundball, 56, EV 103.1 MPH)
|
|
Batting: RHB Settan Nakamura
|
0-0: Called Strike 0-1: Ball 1-1: Ball 2-1: Fielders Choice at 2nd, 6-4 (Groundball, 6, EV 81.9 MPH)
|
|
Batting: RHB Terry Oetker
|
0-0: Called Strike 0-1: Swinging Strike 0-2: Strikes out swinging
|
|
Batting: RHB Alejandro de Jesus
|
0-0: Ball 1-0: Ball 2-0: Ball 3-0: Called Strike 3-1: Called Strike 3-2: Ground out 6-3 (Groundball, 56, EV 78.8 MPH)
|
| Bottom of the 1st over - 0 runs, 0 hits, 1 error, 1 left on base; Hamilton 0 - Winnipeg 0 |
| TOP OF THE 2ND |
|
Hamilton Cardinals batting - Pitching for Winnipeg Goldeyes : RHP Brian Waldrip
|
|
Batting: LHB Pete Mitchell
|
0-0: Called Strike 0-1: Foul Ball, location: 2F 0-2: Ball 1-2: Strikes out swinging
|
|
Batting: SHB Jae-hong Kym
|
0-0: SINGLE (Groundball, 34D, EV 95.0 MPH)
|
|
Batting: RHB Matt Shaw
|
0-0: Called Strike 0-1: Ball 1-1: Ball 2-1: Foul Ball, location: 2F 2-2: Ball 3-2: Grounds into double play, 6-4-3 (Groundball, 6, EV 108.1 MPH)
|
| Top of the 2nd over - 0 runs, 1 hit, 0 errors, 0 left on base; Hamilton 0 - Winnipeg 0 |
| BOTTOM OF THE 2ND |
|
Winnipeg Goldeyes batting - Pitching for Hamilton Cardinals : RHP Rob Halley
|
|
Batting: SHB Tim Lloyd
|
0-0: Called Strike 0-1: Ball 1-1: Foul Ball, location: 2F 1-2: Strikes out looking
|
|
Batting: RHB Ned Scovell
|
0-0: Ball 1-0: Ball 2-0: Ball 3-0: Base on Balls
|
|
Batting: RHB Calvin Day
|
0-0: Ball Ned Scovell is caught stealing 2nd base 2-4 1-0: Called Strike 1-1: Foul Ball, location: 2F 1-2: Ball 2-2: Foul Ball, location: 2F 2-2: Fly out, F8 (Flyball, 8RM, EV 88.8 MPH)
|
| Bottom of the 2nd over - 0 runs, 0 hits, 0 errors, 0 left on base; Hamilton 0 - Winnipeg 0 |
| TOP OF THE 3RD |
|
Hamilton Cardinals batting - Pitching for Winnipeg Goldeyes : RHP Brian Waldrip
|
|
Batting: SHB Brad Meyer
|
0-0: Ground out U3 (Groundball, 3S, EV 86.9 MPH)
|
|
Batting: SHB Felipe Campanella
|
0-0: Ball 1-0: Called Strike 1-1: Foul Ball, location: 2F 1-2: Ball 2-2: Ball 3-2: Foul Ball, location: 2F 3-2: Base on Balls
|
|
Batting: RHB Dan Wages
|
0-0: Ball 1-0: Swinging Strike 1-1: Called Strike Felipe Campanella is caught stealing 2nd base 2-4 1-2: Foul Ball, location: 2F 1-2: Strikes out swinging
|
| Top of the 3rd over - 0 runs, 0 hits, 0 errors, 0 left on base; Hamilton 0 - Winnipeg 0 |
| BOTTOM OF THE 3RD |
|
Winnipeg Goldeyes batting - Pitching for Hamilton Cardinals : RHP Rob Halley
|
|
Batting: RHB Braydon Garland
|
0-0: Called Strike 0-1: SINGLE (Groundball, 5D, EV 95.6 MPH)
|
|
Batting: RHB Ricky Saucedo
|
0-0: Grounds into double play, 6-4-3 (Groundball, 6, EV 76.9 MPH)
|
|
Batting: RHB Mike Berzins
|
0-0: Swinging Strike 0-1: Ball 1-1: Swinging Strike 1-2: TRIPLE (Flyball, 8LXD, EV 110.0 MPH)
|
|
Batting: RHB Settan Nakamura
|
0-0: Ball 1-0: Fly out, F8 (Line Drive, 8RD, EV 83.8 MPH)
|
| Bottom of the 3rd over - 0 runs, 2 hits, 0 errors, 1 left on base; Hamilton 0 - Winnipeg 0 |
| TOP OF THE 4TH |
|
Hamilton Cardinals batting - Pitching for Winnipeg Goldeyes : RHP Brian Waldrip
|
|
Batting: LHB Rafael Banda
|
0-0: Ball 1-0: Ball 2-0: Ball 3-0: Called Strike 3-1: Foul Ball, location: 2F 3-2: Foul Ball, location: 2F 3-2: Strikes out swinging
|
|
Batting: SHB J.T. Ready
|
0-0: Ball 1-0: Ball 2-0: SOLO HOME RUN (Flyball, 7LD, EV 96.9 MPH), Distance : 355 ft
|
|
Batting: RHB Shou-feng Chang
|
0-0: Ball 1-0: Ball 2-0: Swinging Strike 2-1: Foul Ball, location: 2F 2-2: Foul Ball, location: 2F 2-2: Strikes out swinging
|
|
Batting: LHB Pete Mitchell
|
0-0: Called Strike 0-1: Called Strike 0-2: Ball 1-2: Ball 2-2: Strikes out swinging
|
| Top of the 4th over - 1 run, 1 hit, 0 errors, 0 left on base; Hamilton 1 - Winnipeg 0 |
| BOTTOM OF THE 4TH |
|
Winnipeg Goldeyes batting - Pitching for Hamilton Cardinals : RHP Rob Halley
|
|
Batting: RHB Terry Oetker
|
0-0: Ball 1-0: Foul Ball, location: 2F 1-1: Foul Ball, location: 2F 1-2: Strikes out swinging
|
|
Batting: RHB Alejandro de Jesus
|
0-0: Ball 1-0: Foul Ball, location: 2F 1-1: Ball 2-1: Ball 3-1: Fly out, F7 (Flyball, 7S, EV 94.4 MPH)
|
|
Batting: SHB Tim Lloyd
|
0-0: Ball 1-0: Ball 2-0: Foul Ball, location: 2F 2-1: Ball 3-1: DOUBLE (Line Drive, 5D, EV 102.5 MPH)
|
|
Batting: RHB Ned Scovell
|
0-0: Ball 1-0: Ground out 4-3 (Groundball, 4, EV 100.0 MPH)
|
| Bottom of the 4th over - 0 runs, 1 hit, 0 errors, 1 left on base; Hamilton 1 - Winnipeg 0 |
| TOP OF THE 5TH |
|
Hamilton Cardinals batting - Pitching for Winnipeg Goldeyes : RHP Brian Waldrip
|
|
Batting: SHB Jae-hong Kym
|
0-0: Ball 1-0: Called Strike 1-1: Called Strike 1-2: Fly out, F8 (Flyball, 8LM, EV 88.8 MPH)
|
|
Batting: RHB Matt Shaw
|
0-0: Ball 1-0: Ball 2-0: Foul Ball, location: 2F 2-1: Ball 3-1: Swinging Strike 3-2: Strikes out swinging
|
|
Batting: SHB Brad Meyer
|
0-0: Swinging Strike 0-1: Swinging Strike 0-2: Strikes out swinging
|
| Top of the 5th over - 0 runs, 0 hits, 0 errors, 0 left on base; Hamilton 1 - Winnipeg 0 |
| BOTTOM OF THE 5TH |
|
Winnipeg Goldeyes batting - Pitching for Hamilton Cardinals : RHP Rob Halley
|
|
Batting: RHB Calvin Day
|
0-0: DOUBLE (Line Drive, 78D, EV 105.0 MPH)
|
|
Batting: RHB Braydon Garland
|
0-0: Ball 1-0: Called Strike 1-1: Ball 2-1: Called Strike 2-2: Foul Ball, location: 2F 2-2: SINGLE (Groundball, 56D, EV 101.9 MPH) Calvin Day to third Runner from 3rd tries for Home, SAFE, throw by LF to home Braydon Garland to second
|
|
Batting: RHB Ricky Saucedo
|
0-0: Called Strike 0-1: Called Strike 0-2: Strikes out swinging
|
|
Batting: RHB Mike Berzins
|
0-0: Ball 1-0: Ball 2-0: Ball 3-0: Base on Balls
|
|
Batting: RHB Settan Nakamura
|
0-0: Called Strike 0-1: Reached on error, E6 (Groundball, 6, EV 85.6 MPH) Braydon Garland to third Mike Berzins to second
|
|
Batting: RHB Terry Oetker
|
0-0: Foul Ball, location: 2F 0-1: Grounds into double play, 5-2-3 (Groundball, 56S, EV 61.9 MPH)
|
| Bottom of the 5th over - 1 run, 2 hits, 1 error, 2 left on base; Hamilton 1 - Winnipeg 1 |
| TOP OF THE 6TH |
|
Hamilton Cardinals batting - Pitching for Winnipeg Goldeyes : RHP Brian Waldrip
|
|
Batting: SHB Felipe Campanella
|
0-0: Ball 1-0: Ball 2-0: Foul Ball, location: 2F 2-1: SINGLE (Line Drive, 8LM, EV 98.8 MPH)
|
|
Batting: RHB Dan Wages
|
0-0: Called Strike 0-1: Ball 1-1: Swinging Strike 1-2: Strikes out looking
|
|
Batting: LHB Rafael Banda
|
0-0: Ball 1-0: SINGLE (Flyball, 56D, EV 95.0 MPH) Felipe Campanella to second
|
|
Batting: SHB J.T. Ready
|
0-0: Ball 1-0: Ball 2-0: Grounds into double play, 5-4-3 (Groundball, 56, EV 102.5 MPH)
|
| Top of the 6th over - 0 runs, 2 hits, 0 errors, 1 left on base; Hamilton 1 - Winnipeg 1 |
| BOTTOM OF THE 6TH |
|
Winnipeg Goldeyes batting - Pitching for Hamilton Cardinals : RHP Rob Halley
|
|
Batting: RHB Alejandro de Jesus
|
0-0: Foul Ball, location: 2F 0-1: Swinging Strike 0-2: Foul Ball, location: 2F 0-2: Ball 1-2: Foul Ball, location: 2F 1-2: Ball 2-2: Ground out 4-3 (Groundball, 34, EV 80.0 MPH)
|
|
Pitching: RHP Francisco Galindo
|
|
|
Batting: SHB Tim Lloyd
|
0-0: Foul Ball, location: 2F 0-1: Ball 1-1: Ball 2-1: Foul Ball, location: 2F 2-2: Fly out, F8 (Flyball, 8LD, EV 100.6 MPH)
|
|
Batting: RHB Ned Scovell
|
0-0: Ball 1-0: Swinging Strike 1-1: Ball 2-1: Swinging Strike 2-2: Strikes out looking
|
| Bottom of the 6th over - 0 runs, 0 hits, 0 errors, 0 left on base; Hamilton 1 - Winnipeg 1 |
| TOP OF THE 7TH |
|
Hamilton Cardinals batting - Pitching for Winnipeg Goldeyes : RHP Brian Waldrip
|
|
Batting: RHB Shou-feng Chang
|
0-0: Ball 1-0: Ball 2-0: Foul Ball, location: 2F 2-1: Foul Ball, location: 2F 2-2: Foul Ball, location: 2F 2-2: Foul Ball, location: 2F 2-2: Strikes out swinging
|
|
Batting: LHB Pete Mitchell
|
0-0: Called Strike 0-1: Fly out, F9 (Flyball, 89M, EV 95.6 MPH)
|
|
Batting: SHB Jae-hong Kym
|
0-0: Ball 1-0: Reached on error, E5 (Groundball, 5S, EV 89.4 MPH)
|
|
Pitching: RHP Juan Castro
|
|
|
Batting: RHB Matt Shaw
|
0-0: Ball 1-0: Called Strike 1-1: Foul Ball, location: 2F 1-2: Ball 2-2: Strikes out swinging
|
| Top of the 7th over - 0 runs, 0 hits, 1 error, 1 left on base; Hamilton 1 - Winnipeg 1 |
| BOTTOM OF THE 7TH |
|
Winnipeg Goldeyes batting - Pitching for Hamilton Cardinals : RHP Francisco Galindo
|
|
Batting: RHB Calvin Day
|
0-0: Ball 1-0: Foul Ball, location: 2F 1-1: Called Strike 1-2: Foul Ball, location: 2F 1-2: Foul Ball, location: 2F 1-2: Foul Ball, location: 2F 1-2: Strikes out swinging
|
|
Batting: RHB Braydon Garland
|
0-0: SINGLE (Line Drive, 6MD, EV 98.8 MPH)
|
|
Batting: RHB Ricky Saucedo
|
0-0: Ball 1-0: Foul Ball, location: 2F 1-1: Called Strike 1-2: Ball 2-2: Ball 3-2: Base on Balls Braydon Garland to second
|
|
Pinch Hitting: SHB Victor Turrubiate
|
0-0: Called Strike 0-1: Foul Ball, location: 2F 0-2: Ball 1-2: Foul Ball, location: 2F 1-2: Ball 2-2: Ball 3-2: SINGLE (Flyball, 56D, EV 85.6 MPH) Braydon Garland to third Ricky Saucedo to second
|
|
Pinch Hitting: LHB Dave Bertheau
|
0-0: Ball 1-0: Ball 2-0: Swinging Strike 2-1: Ball 3-1: Base on Balls Braydon Garland scores Ricky Saucedo to third Victor Turrubiate to second
|
|
Batting: RHB Terry Oetker
|
0-0: Ball 1-0: Called Strike 1-1: Swinging Strike 1-2: Ball 2-2: Strikes out swinging
|
|
Batting: RHB Alejandro de Jesus
|
0-0: Ball 1-0: Ball 2-0: Called Strike 2-1: Swinging Strike 2-2: Ball 3-2: Strikes out looking
|
| Bottom of the 7th over - 1 run, 2 hits, 0 errors, 3 left on base; Hamilton 1 - Winnipeg 2 |
| TOP OF THE 8TH |
|
Hamilton Cardinals batting - Pitching for Winnipeg Goldeyes : RHP Juan Castro
|
|
Pitching: RHP Curtis Melchert
|
|
|
Now at 2B: Itocravo Arrochela
|
|
|
Now in CF: Yu-zeng Mai
|
|
|
Batting: RHB Arnold Schuler
|
0-0: Swinging Strike 0-1: Called Strike 0-2: Strikes out swinging
|
|
Pinch Hitting: SHB Kelly Brooks
|
0-0: Ball 1-0: Ball 2-0: SINGLE (Groundball, 56D, EV 99.4 MPH)
|
|
Batting: RHB Dan Wages
|
0-0: Ball 1-0: Swinging Strike 1-1: Ball 2-1: Foul Ball, location: 2F 2-2: Foul Ball, location: 2F 2-2: Ball 3-2: Base on Balls Kelly Brooks to second
|
|
Batting: LHB Rafael Banda
|
0-0: Called Strike 0-1: Ball 1-1: Ball 2-1: Foul Ball, location: 2F 2-2: Ball 3-2: Foul Ball, location: 2F 3-2: Fly out, F8 (Line Drive, 8RM, EV 100.6 MPH)
|
|
Batting: SHB J.T. Ready
|
0-0: Ball 1-0: Foul Ball, location: 2F 1-1: Foul Ball, location: 2F 1-2: Ball 2-2: SINGLE (Groundball, 6MD, EV 98.8 MPH) Kelly Brooks to third Dan Wages to second Runner from 3rd tries for Home, throw by CF and OUT! 8-2
|
| Top of the 8th over - 0 runs, 2 hits, 0 errors, 2 left on base; Hamilton 1 - Winnipeg 2 |
| BOTTOM OF THE 8TH |
|
Winnipeg Goldeyes batting - Pitching for Hamilton Cardinals : RHP Francisco Galindo
|
|
Now at 3B: Seung-kab Park
|
|
|
Batting: SHB Tim Lloyd
|
0-0: Foul Ball, location: 2F 0-1: Called Strike 0-2: Ball 1-2: Foul Ball, location: 2F 1-2: Ball 2-2: Ball 3-2: Fly out, F9 (Flyball, 9, EV 80.6 MPH)
|
|
Batting: RHB Ned Scovell
|
0-0: Ball 1-0: Ground out 6-3 (Groundball, 6, EV 110.0 MPH)
|
|
Batting: RHB Calvin Day
|
0-0: Ball 1-0: Ball 2-0: Called Strike 2-1: Ball 3-1: Base on Balls
|
|
Pitching: LHP Craig Soole
|
|
|
Batting: RHB Braydon Garland
|
0-0: Called Strike 0-1: Ball 1-1: Foul Ball, location: 2F 1-2: 2-RUN HOME RUN (Flyball, 78XD, EV 113.1 MPH), Distance : 435 ft
|
|
Batting: RHB Ricky Saucedo
|
0-0: Fly out, F8 (Line Drive, 8RD, EV 104.4 MPH)
|
| Bottom of the 8th over - 2 runs, 1 hit, 0 errors, 0 left on base; Hamilton 1 - Winnipeg 4 |
| TOP OF THE 9TH |
|
Hamilton Cardinals batting - Pitching for Winnipeg Goldeyes : RHP Curtis Melchert
|
|
Batting: RHB Shou-feng Chang
|
0-0: Ball 1-0: Ball 2-0: Called Strike 2-1: Called Strike 2-2: Strikes out swinging
|
|
Batting: LHB Pete Mitchell
|
0-0: Ball 1-0: Foul Ball, location: 2F 1-1: Foul Ball, location: 2F 1-2: Foul Ball, location: 2F 1-2: Foul Ball, location: 2F 1-2: Ball 2-2: Ball 3-2: Strikes out swinging
|
|
Batting: SHB Jae-hong Kym
|
0-0: Called Strike 0-1: Ball 1-1: Ball 2-1: Foul Ball, location: 2F 2-2: Fly out, F9 (Flyball, 9S, EV 78.1 MPH)
|
| Top of the 9th over - 0 runs, 0 hits, 0 errors, 0 left on base; Hamilton 1 - Winnipeg 4 |
|